 Dungeon Crawl Stone Soup version 0.26-a0-639-g72c4674329 (webtiles) character file.

Game seed: 12136768391028905946

(classic levelgen) 36 EnegeticOcto the Covered (level 3, -1/34 HPs)
             Began as a Deep Dwarf Fighter on Sept 22, 2020.
             Slain by Natasha (6 damage)
             ... on level 1 of the Dungeon.
             The game lasted 00:00:18 (141 turns).

EnegeticOcto the Covered (Deep Dwarf Fighter)        Turns: 141, Time: 00:00:19

Health: -1/34      AC:  6    Str: 20    XL:     3   Next: 19%
Magic:  2/2        EV:  7    Int:  8    God:
Gold:   23         SH:  9    Dex: 12    Spells: 2/2 levels left

rFire    . . .     SeeInvis .   a - +0 war axe
rCold    . . .     Faith    .   c - +0 kite shield
rNeg     . . .     Spirit   .   b - +0 scale mail
rPois    .         Reflect  .   (no helmet)
rElec    .         Harm     .   (no cloak)
rCorr    .         Rampage  .   (no gloves)
MR       .....                  (no boots)
Stlth    ..........             (no amulet)
HPRegen  0.00/turn              (no ring)
MPRegen  0.08/turn              (no ring)

@: non-regenerating, slowed, very slow
A: damage resistance, heal wounds, sense surroundings 1, no regeneration
a: Heal Wounds


You were on level 1 of the Dungeon.
You visited 1 branch of the dungeon, and saw 2 of its levels.

You collected 23 gold pieces.

Inventory:

Hand Weapons
 a - a +0 war axe (weapon)
Armour
 b - a +0 scale mail (worn)
 c - a +0 kite shield (worn)
Potions
 d - a potion of might {@q3}
 e - a potion of haste {unknown}


   Skills:
 + Level 3.0 Fighting
 * Level 3.1 Axes
 + Level 3.6 Armour
 + Level 3.6 Shields


You had 2 spell levels left.
You didn't know any spells.
Your spell library was empty.

Dungeon Overview and Level Annotations

Branches:
Dungeon (2/15)

Altars:

Annotations:
D:1 Natasha


Innate Abilities, Weirdness & Mutations

You are resistant to damage.
You can heal yourself by infusing magical energy.
You passively map a small area around you.
You do not regenerate.


Message History

No target in view!
No target in view!
No target in view!
No target in view!
No target in view!
No target in view!
No target in view!
No target in view!
No target in view!
No target in view!
No target in view!
No target in view!
No target in view!
No target in view!
No target in view!
No target in view!
Found a scroll labeled LIEJIA ANOSS.
A frilled lizard comes into view.
The frilled lizard hisses angrily.
You now have 10 gold pieces.
Found 13 gold pieces.
A goblin comes into view. It is wielding a +0 club.
You see here a scroll labeled LIEJIA ANOSS.
You block the frilled lizard's attack.
You hit the frilled lizard but do no damage.
The frilled lizard closely misses you.
You closely miss the frilled lizard.
The frilled lizard bites you but does no damage. x2
You slash the frilled lizard!
You kill the frilled lizard!
No target in view!
No target in view!
No target in view!
No target in view!
No target in view!
No target in view!
No target in view!
No target in view!
No target in view!
No target in view!
No target in view!
No target in view!
No target in view!
No target in view!
No target in view!
No target in view!
The goblin hits you with a +0 club. The goblin hits you but does no damage.
You see here a scroll labeled LIEJIA ANOSS.
The goblin barely misses you.
You see here 13 gold pieces.
You hit the goblin.
You kill the goblin!
No target in view!
No target in view!
No target in view!
No target in view!
No target in view!
No target in view!
No target in view!
No target in view!
No target in view!
No target in view!
No target in view!
You now have 23 gold pieces (gained 13).
You see here a +0 club.
You see here a +0 club.
Natasha, Servant of Life and Death comes into view.
Natasha drinks a potion.
Natasha flickers and vanishes!
Deactivating autopickup; reactivate with Ctrl-A.
You see here a scroll labeled LIEJIA ANOSS.
No target in view!
No target in view!
No target in view!
No target in view!
No target in view!
No target in view!
No target in view!
Something claws you.
You barely miss something. Something claws you. x2
You miss something.
You hear some strange, mumbled words.
You feel yourself slow down.
You hit something but do no damage. Something claws you.
You hear some strange, mumbled words.
You feel as though you will be slow longer.
Something claws you.
You miss something. Something claws you.
You hear some strange, mumbled words.
Something tries to affect you, but you resist.
You slash something! Something claws you but does no damage.
Something claws you!
Your shield and scale mail prevent you from hitting something.
Something claws you.
* * * LOW HITPOINT WARNING * * *
Something claws you.
* * * LOW HITPOINT WARNING * * *
Your shield prevents you from hitting something.
Something claws you!
You die...

, ##)#######
###### **
#...†.#####*
+..... , ,
#..........
,###### .
#......#######
#P≈≈≈≈
...##......#.....#
#P≈≈≈≈
.l.......#.#......
* ##P≈≈≈ , ,
...###...........#
##P≈≈ ##
#..†...##.. ,##PP
, #....@.# .# ###
#####{###.# , > *
** #.?....# , , ,
* #......# * *
#......# , * ,
#......# , ,
#......# #.)....#
* #......#


There were no monsters in sight!

Vanquished Creatures
  Natasha (D:1)
  A dart slug (D:1)
  3 bats (D:1)
  2 kobolds (D:1)
  A frilled lizard (D:1)
  3 goblins (D:1)
11 creatures vanquished.

Notes
Turn   | Place    | Note
-------+----------+-------------------------------------------
     0 | D:1      | EnegeticOcto the Deep Dwarf Fighter began the quest for the
                  | Orb.
     0 | D:1      | Reached XP level 1. HP: 20/20 MP: 1/1
    62 | D:2      | Noticed Natasha
    70 | D:1      | Killed Natasha
    70 | D:1      | Reached XP level 2. HP: 22/28 MP: 1/1
    70 | D:1      | Reached XP level 3. HP: 27/34 MP: 2/2
   127 | D:1      | Noticed Natasha
   141 | D:1      | Slain by Natasha

Illustrated notes

Levels and vault maps discovered:
D:1:      psy_arrival_terrarium, layout_basic
D:2:      layout_basic, roderic_lattice_a, uniq_robin, uniq_natasha,
          uniq_terence

Skill      XL: |  1 |
---------------+----+-----
Fighting       | 3 |  3.0
Axes           | 3 |  3.1
Armour         | |  3.6
Shields        | |  3.6

Action                   || total
-------------------------++-------
Melee: War axe           ||    39
 Abil: Heal Wounds       ||     1
Armor: Scale mail        ||    20
Dodge: Dodged            ||    23
Block: Kite shield       ||    20

Table legend: (Time is in decaauts)
 A = Elapsed time spent in this place.
 B = Non-inter-level travel time spent in this place.
 C = Inter-level travel time spent in this place.
 D = Time resting spent in this place.
 E = Time spent auto-exploring this place.
 F = Levels seen in this place.
 G = Mean time per level.
                   A        B        C        D        E       F      G
               +--------+--------+--------+--------+--------+-----+--------+
         Total |    162 |    158 |      4 |      0 |     15 |   2 |   81.0 |
       Dungeon |    162 |    158 |      4 |      0 |     15 |   2 |   81.0 |
               +--------+--------+--------+--------+--------+-----+--------+

Top non-repeatable levels by time:
     D:1: 160 daAuts
     D:2: 1 daAuts
